 Dungeon Crawl Stone Soup version 0.26.1-11-gd32895ea62 (webtiles) character file.

Game seed: 9500893230689432010

70 dtburroughs the Chopper (level 4, -1/40 HPs)
             Began as a Minotaur Berserker on June 24, 2021.
             Was a Follower of Trog.
             Killed from afar by an orc wizard (5 damage)
             ... with a magic dart
             ... on level 3 of the Dungeon.
             The game lasted 00:01:42 (2299 turns).

dtburroughs the Chopper (Minotaur Berserker)        Turns: 2299, Time: 00:01:43

Health: -1/40      AC:  2    Str: 22    XL:     4   Next: 3%
Magic:  3/3        EV: 12    Int:  5    God:    Trog [*.....]
Gold:   145        SH:  0    Dex:  9    Spells: 3/3 levels left

rFire    . . .     SeeInvis .   a - +0 hand axe
rCold    . . .     Faith    .   (no shield)
rNeg     . . .     Spirit   .   b - +0 animal skin
rPois    .         Reflect  .   (helmet restricted)
rElec    .         Harm     .   (no cloak)
rCorr    .         Rampage  .   (no gloves)
Will     .....                  (no boots)
Stlth    +.........             (no amulet)
HPRegen  0.13/turn              (no ring)
MPRegen  0.08/turn              (no ring)

@: no status effects
A: retaliatory headbutt, horns 2
a: Renounce Religion, Berserk


You were on level 3 of the Dungeon.
You worshipped Trog.
Trog was aware of your devotion.
You visited 1 branch of the dungeon, and saw 3 of its levels.

You collected 145 gold pieces.

Inventory:

Hand Weapons
 a - a +0 hand axe (weapon)
Armour
 b - a +0 animal skin (worn)
 c - a +1 ring mail of poison resistance
Jewellery
 f - an uncursed ring of see invisible {unknown}
Scrolls
 e - 3 scrolls of identify {unknown}
 h - 2 scrolls of teleportation {unknown}
 i - a scroll of magic mapping {unknown}
 j - 2 scrolls of noise {unknown}
 m - 2 scrolls of remove curse {unknown}
 n - a scroll of immolation {unknown}
 p - a scroll of random uselessness {unknown}
 q - a scroll of enchant weapon {unknown}
Potions
 d - a potion of curing {unknown}
 g - a potion of resistance {unknown}
 k - a potion of ambrosia {unknown}
 l - a potion of invisibility {unknown}
 o - a potion of lignification {unknown}


   Skills:
 + Level 4.3 Fighting
 + Level 4.3 Axes
 + Level 3.3 Armour
 + Level 3.0 Dodging


You had 3 spell levels left.
You didn't know any spells.
Your spell library was empty.

Dungeon Overview and Level Annotations

Branches:
Dungeon (3/15)

Altars:


Innate Abilities, Weirdness & Mutations

You reflexively headbutt those who attack you in melee.
You have a pair of horns on your head.


Message History

The orc wizard is heavily wounded.
The orc wizard gestures at you while chanting.
You resist with some effort.
The orc wizard hits you with a +0 dagger.
* * * LOW HITPOINT WARNING * * *
You hit the orc wizard.
The orc wizard is heavily wounded.
The orc wizard barely misses you.
The orc wizard gestures at you while chanting.
The magic dart hits you.
* * * LOW HITPOINT WARNING * * *
You closely miss the orc wizard. You headbutt the orc wizard.
The orc wizard is severely wounded.
The orc wizard hits you with a +0 dagger.
* * * LOW HITPOINT WARNING * * *
You hit the orc wizard.
The orc wizard is severely wounded.
The orc wizard gestures at you while chanting.
The magic dart hits you.
You die...

### #.. #.# #.#
#.# #.# #@# #o#
#######o#.#
#..†...o..#
##.####.#####.#.#
..............##.#
##.####.#######
#.. #.# #.# #o#
#.# #.# o#


You could see an orc wizard (fast) and 2 orcs.

Vanquished Creatures
  3 adders
  An ooze (D:2)
  2 worms (D:2)
  2 dart slugs
  A leopard gecko (D:2)
  An orc (D:3)
  A giant cockroach (D:2)
  3 hobgoblins
  A quokka (D:2)
  4 bats
  5 frilled lizards
  3 goblins
  2 kobolds (D:2)
  A rat (D:1)
30 creatures vanquished.

Notes
Turn   | Place    | Note
-------+----------+-------------------------------------------
     0 | D:1      | dtburroughs the Minotaur Berserker began the quest for the
                  | Orb.
     0 | D:1      | Reached XP level 1. HP: 19/19 MP: 0/0
   372 | D:1      | Reached XP level 2. HP: 26/27 MP: 1/1
  1110 | D:2      | Reached XP level 3. HP: 31/33 MP: 2/2
  1560 | D:2      | Reached ** piety under Trog
  2277 | D:3      | Reached XP level 4. HP: 37/40 MP: 3/3
  2299 | D:3      | Killed from afar by an orc wizard

Illustrated notes

Levels and vault maps discovered:
D:1:      tarquinn_simple_flora_water_e, layout_basic
D:2:      layout_basic
D:3:      layout_loops_ring, okawaru_ov_weapons_minmay

Skill      XL: |  1  2  3 |
---------------+----------+-----
Fighting       | 4 |  4.3
Axes           | 4 |  4.3
Armour         | 3 |  3.3
Dodging        | 3 |  3.0

Action                   |  1- 3 |  4- 6 || total
-------------------------+-------+-------++-------
Melee: Hand axe          |    74 |    16 ||    90
       Headbutt          |     8 |     2 ||    10
Invok: Trog's Hand       |       |     1 ||     1
Armor: Animal skin       |    10 |       ||    10
Dodge: Dodged            |    54 |     8 ||    62
